Map: King's Cove LE

Players

puCK (Nina) - Winner!

  • Race: Protoss Protoss
  • League: Grandmaster
  • Spawn Location: 5:00

Has

  • Race: Protoss Protoss
  • Spawn Location: 11:00

Event: 2019 WCS Winter Americas

VOD

Have the link to the VOD?

Description

Time

  • Played on: Feb. 10, 2019, 1:55 p.m.
  • Length: 9:35

All games in this series

Show
View Real Time Build Order
Export as new Build Order

puCK Protoss - Winner!

Build Orders:  

Get SALT Encoding   

  12  0:00  Probe  
  13  0:12  Probe  
  14  0:18  Pylon  
  14  0:25  Probe  
  15  0:35  Probe  
  15  0:36  Gateway  
  16  0:43  Probe  
  16  0:44  Assimilator  
  17  0:55  Assimilator  
  17  0:56  Probe  
  18  1:08  Probe  
  19  1:12  Gateway  
  19  1:18  Zealot  
  19  1:20  Probe  
  20  1:32  Cybernetics Core  
  22  1:34  Pylon  
  24  1:59  Stalker  
  24  2:02  Pylon  
  24  2:13  Shield Battery  
  24  2:15  Shield Battery  
  24  2:22  Robotics Facility  
  24  2:27  Shield Battery  
  22  2:47  Gateway  
  22  2:49  Shield Battery  
  22  2:54  Shield Battery  
  22  3:25  Pylon  
  22  3:40  Immortal  
  22  3:46  Cybernetics Core  
  26  3:50  Probe, Gateway  
  27  4:03  Gateway  
  27  4:05  Probe  
  27  4:19  Pylon  
  28  4:31  Probe  
  26  4:45  Probe  
  26  4:46  Immortal  
  31  5:04  Pylon  
  31  5:22  Stalker, Probe  
  31  5:23  Sentry  
  36  5:33  Assimilator  
  36  5:35  Probe  
  36  5:40  Observer  
  37  5:47  Probe  
  38  5:52  Pylon  
  38  5:59  Phoenix, Probe  
  38  6:03  Warp Gate  
  39  6:10  Warp Prism  
  39  6:11  Probe  
  44  6:32  Sentry  
  44  6:42  Pylon  
  44  6:51  Stalker  
  45  7:06  Immortal  
  45  7:10  Stalker x2  
  45  7:12  Observer  
  53  7:35  Nexus  
  53  7:39  Pylon  
  53  7:43  Pylon  
  53  7:52  Stalker  
  53  7:57  Stalker x2  
  59  8:15  Probe  
  55  8:21  Sentry x2  
  55  8:22  Stalker  
  59  8:28  Probe  
  60  8:45  Stalker x2  
  64  8:55  Stalker  
  60  9:11  Stalker  
  60  9:18  Stalker  
Show
View Real Time Build Order
Export as new Build Order

Has Protoss 

Build Orders:  

Get SALT Encoding   

  12  0:01  Probe  
  13  0:13  Probe  
  14  0:18  Pylon  
  14  0:23  Probe  
  15  0:32  Probe  
  15  0:38  Forge  
  15  0:41  Probe  
  17  0:53  Probe  
  18  1:22  Pylon  
  18  1:23  Pylon  
  18  1:24  Pylon  
  18  1:25  Pylon  
  18  1:26  Pylon  
  18  1:40  Photon Cannon  
  18  1:42  Photon Cannon  
  18  1:44  Gateway  
  18  1:49  Probe  
  19  2:06  Photon Cannon x2  
  19  2:15  Photon Cannon  
  19  2:26  Photon Cannon  
  19  2:31  Assimilator  
  20  2:45  Cybernetics Core  
  20  2:50  Photon Cannon  
  19  3:00  Photon Cannon  
  19  3:11  Photon Cannon  
  18  3:14  Photon Cannon  
  18  3:16  Adept  
  18  3:19  Assimilator  
  18  3:24  Probe  
  21  3:34  Warp Gate  
  21  3:36  Probe  
  21  3:40  Adept  
  22  3:43  Assimilator  
  22  3:48  Probe  
  25  3:59  Shield Battery  
  26  4:04  Probe  
  26  4:16  Probe  
  27  4:24  Stargate  
  27  4:29  Shield Battery  
  27  4:30  Probe  
  28  4:50  Gateway  
  28  4:52  Gateway  
  26  4:54  Probe  
  26  4:59  Phoenix  
  27  5:03  Pylon  
  27  5:09  Probe  
  30  5:14  Pylon  
  30  5:19  Assimilator  
  30  5:21  Phoenix  
  31  5:28  Adept  
  33  5:41  Phoenix, Gateway  
  35  5:52  Adept  
  35  5:56  Sentry  
  39  6:02  Pylon  
  39  6:14  Phoenix  
  39  6:20  Pylon  
  39  6:36  Phoenix  
  39  6:45  Pylon  
  41  6:56  Phoenix  
  43  7:15  Nexus  
  43  7:16  Pylon  
  43  7:26  Robotics Facility  
  43  7:30  Sentry  
  43  7:31  Void Ray  
  49  7:54  Probe  
  49  7:56  Shield Battery  
  48  8:13  Immortal  
  52  8:23  Shield Battery  
  52  8:25  Shield Battery  
  52  8:29  Sentry  
  54  8:40  Pylon  
  52  8:49  Immortal  
  56  8:57  Sentry  
  54  9:11  Zealot x2  
  42  9:25  Zealot  
Tags
 
Add a new tag
Caveats
  • Supply blocks, unpowered buildings, or Contaminate may cause inaccurate times.
  • Supply counts are checked every 10 seconds.